 Dungeon Crawl Stone Soup version 0.30-b1-2-g02819fbbbe (webtiles) character file.

Game seed: 2664246020045535084

253 snakesoul the Shield-Bearer (level 6, -5/49 HPs)
             Began as a Formicid Fighter on June 13, 2023.
             Slain by Pikel
             ... wielding a +1 whip of freezing
              (9 damage)
             ... on level 4 of the Dungeon.
             The game lasted 00:03:31 (2687 turns).

snakesoul the Shield-Bearer (Formicid Fighter)      Turns: 2687, Time: 00:03:31

Health: -5/49      AC: 10    Str: 22    XL:     6   Next: 37%
Magic:  6/6        EV:  8    Int:  8    God:
Gold:   177        SH:  5    Dex: 13    Spells: 5/5 levels left

rFire   + . .        a - +0 war axe
rCold   . . .        c - +0 buckler
rNeg    . . .        j - +0 chain mail
rPois   .            (helmet unavailable)
rElec   .            (no cloak)
rCorr   .            g - +0 pair of gloves
SInv    +            (no boots)
Will    .....        (no amulet) Stlth
                     m - ring of protection from fire
HPRegen 0.28/turn    (no ring)
MPRegen 0.10/turn

%: no passive effects
@: mighty
A: permanent stasis, dig shafts and tunnels, antennae 3, four strong arms
a: Dig, Shaft Self


You were on level 4 of the Dungeon.
You visited 1 branch of the dungeon, and saw 4 of its levels.

You collected 177 gold pieces.

Inventory:

Hand Weapons
 a - a +0 war axe (weapon)
Armour
 c - a +0 buckler (worn)
 g - a +0 pair of gloves (worn)
 j - a +0 chain mail (worn)
Jewellery
 m - a ring of protection from fire (left hand)
Scrolls
 b - a scroll of fear {unknown}
 e - 3 scrolls of teleportation {unknown}
 h - a scroll of brand weapon {unknown}
 i - 2 scrolls of magic mapping {unknown}
 k - a scroll of enchant armour {unknown}
 l - a scroll of silence {unknown}
 q - a scroll of torment {unknown}
 r - a scroll of amnesia {unknown}
Potions
 f - a potion of resistance {unknown}
 n - a potion of curing {unknown}
 o - a potion of brilliance {unknown}
 p - a potion of haste {unknown}


   Skills:
 + Level 4.4 Fighting
 * Level 4.1 Axes
 + Level 4.4 Armour
 + Level 5.2 Shields


You had 5 spell levels left.
You didn't know any spells.
Your spell library contained the following spells:

 Spells                   Type           Power      Damage    Failure   Level
 Ensorcelled Hibernation  Hex/Ice        0%         N/A       99%         2
 Sublimation of Blood     Necr           0%         N/A       99%         2
 Wereblood                Tmut           0%         N/A       99%         2
 Spider Form              Tmut/Pois      0%         N/A       100%        3
 Anguish                  Hex/Necr       0%         N/A       100%        4
 Summon Hydra             Summ           0%         N/A       100%        7


Dungeon Overview and Level Annotations

Branches:
Dungeon (4/15)
 Temple: D:4-7

Altars:
Gozag

Annotations:
D:4 Pikel


Innate Abilities, Weirdness & Mutations

You cannot be hasted, slowed, berserked, paralysed or teleported.
You can dig through walls and to a lower floor.
You have a pair of large antennae on your head. (SInv)
Your four strong arms can wield two-handed weapons with a shield.


Message History

Pikel freezes you.
You are too injured to fight recklessly!
You are too injured to fight recklessly!
You are too injured to fight recklessly!
You feel very mighty all of a sudden. Pikel barely misses you.
Pikel attacks as you move away! Pikel hits you but does no damage.
You barely miss Pikel.
Pikel is lightly wounded.
Pikel hits you but does no damage.
You slice Pikel!!
Pikel is heavily wounded.
Pikel hits you with a +1 whip of freezing.
Pikel freezes you.
You closely miss Pikel.
Pikel is heavily wounded.
Pikel hits you but does no damage.
Pikel hits you with a +1 whip of freezing.
* * * LOW HITPOINT WARNING * * *
Pikel freezes you.
* * * LOW HITPOINT WARNING * * *
You barely miss Pikel.
Pikel is heavily wounded.
You block Pikel's attack.
You barely miss Pikel.
Pikel is heavily wounded.
Pikel hits you but does no damage.
You barely miss Pikel.
Pikel is heavily wounded.
Pikel hits you with a +1 whip of freezing.
* * * LOW HITPOINT WARNING * * *
Pikel freezes you.
* * * LOW HITPOINT WARNING * * *
A lemure comes into view.
You block Pikel's attack.
You slash Pikel!
Pikel is almost dead.
Pikel cracks his whip.
Pikel hits you with a +1 whip of freezing!
You die...

##.#.# ...M#
.... ..# #.#
######.#
#....M.#
#.###### #@#
# #K#
#####.##.
#5#
####........
#.#
#.5..{{K..#
#.#
#.##.#......
#5#####.##.#
...##
#..........#
.##
#######.####
# #.#


You could see Pikel and 2 lemures.

Vanquished Creatures
  Menkaure (D:4)
  2 lemures (D:3)
  A jelly (D:3)
  An iguana (D:3)
  3 adders
  2 worms (D:2)
  10 ball pythons
  5 bats
  9 endoplasms
  2 giant cockroaches (D:3)
  3 goblins
  A hobgoblin (D:1)
  5 quokkas
  4 frilled lizards (D:1)
  3 rats
52 creatures vanquished.

Notes
Turn   | Place    | Note
-------+----------+-------------------------------------------
     0 | D:1      | snakesoul the Formicid Fighter began the quest for the Orb.
     0 | D:1      | Reached XP level 1. HP: 18/18 MP: 1/1
   305 | D:1      | Reached XP level 2. HP: 22/24 MP: 2/2
   754 | D:1      | Reached XP level 3. HP: 28/29 MP: 3/3
  1324 | D:2      | Reached XP level 4. HP: 30/37 MP: 4/4
  1388 | D:2      | Found a faded altar of an unknown god.
  1721 | D:3      | Reached XP level 5. HP: 38/42 MP: 5/5
  1961 | D:3      | Found an opulent altar of Gozag.
  2279 | D:4      | Noticed Menkaure
  2401 | D:4      | Killed Menkaure
  2402 | D:4      | Reached skill level 5 in Shields
  2402 | D:4      | Reached XP level 6. HP: 6/49 MP: 6/6
  2573 | D:4      | Noticed Pikel
  2687 | D:4      | Slain by Pikel

Illustrated notes

Levels and vault maps discovered:
D:1:      ncdulo_halloftheorcs, layout_basic, serial_glass, glass_columns_c,
          glass_columns_c
D:2:      layout_loops_ring, hellmonk_ecumenical_altar_leap_of_faith,
          kennysheep_generic_room_7
D:3:      layout_basic, nicolae_gozag_seed_capital, serial_corexii_hall,
          corexii_hall_statues_i, corexii_hall_statues_i,
          chequers_hall_statues_corner_a, nicolae_underground_beach
D:4:      layout_loops_corners, uniq_edmund, uniq_sigmund, uniq_menkaure,
          uniq_pikel

Skill      XL: |  1  2  3  4  5 |
---------------+----------------+-----
Axes           | 3 4 |  4.1
Fighting       | 4 |  4.4
Armour         | 4 |  4.4
Shields        | 5 |  5.2

Action                     |  1- 3 |  4- 6 || total
---------------------------+-------+-------++-------
  Melee: War axe           |    80 |    69 ||   149
    Use: Potion            |       |     1 ||     1
 Armour: Scale mail        |    28 |       ||    28
         Chain mail        |     3 |    34 ||    37
  Dodge: Dodged            |    45 |    16 ||    61
  Block: Buckler           |    18 |    13 ||    31
